[Event "Team 45 45 League T72"]
[Site "Internet Chess Club"]
[Date "2017.03.20"]
[Round "1"]
[White "pishd"]
[Black "viktory"]
[Result "1-0"]
[WhiteElo "1780"]
[BlackElo "1646"]
[Opening "Colle system"]
[ECO "D05"]
[Time "16:38:54"]
[TimeControl "2700+45"]

1. d4 d5 2. Nf3 Nf6 3. e3 e6 4. Bd3 c5 5. c3 Nc6 6. Nbd2 Be7 7. O-O O-O 8. dxc5
Bxc5 9. e4 Re8 10. e5 Nd7 11. Re1 Qc7 12. Qe2 a6 13. Nb3 Ba7 14. Bxh7+ {Black
resigns} 1-0

[Event "Team 45 45 League T72"]
[Site "Internet Chess Club"]
[Date "2017.03.25"]
[Round "1"]
[White "Bizzy-Ketty"]
[Black "idjit"]
[Result "1/2-1/2"]
[WhiteElo "1553"]
[BlackElo "1592"]
[Opening "French: Tarrasch, Guimard main line"]
[ECO "C04"]
[Time "13:23:43"]
[TimeControl "2700+45"]

1. e4 e6 2. d4 d5 3. Nd2 Nc6 4. Ngf3 Nf6 5. Bd3 Nb4 6. Qe2 Nxd3+ 7. Qxd3 dxe4 8.
Nxe4 Be7 9. O-O O-O 10. Re1 b6 11. c3 Bb7 12. Nxf6+ Bxf6 13. Bf4 c5 14. Rad1
cxd4 15. cxd4 Qd5 16. b3 Rfd8 17. Be5 Be7 18. Re3 f6 19. Bg3 Rac8 20. Qe2 Rc6
21. h3 e5 22. Qd3 Rcd6 23. Qe2 e4 24. Nd2 R6d7 25. Nc4 f5 26. Ne5 Rc7 27. Nc4
Rc6 28. Ne5 Rc7 29. Nc4 Rc6 30. Ne5 Rc7 31. Nc4 {Game drawn by repetition}
1/2-1/2

[Event "Team 45 45 League T72"]
[Site "Internet Chess Club"]
[Date "2017.03.17"]
[Round "1"]
[White "Kingofknights"]
[Black "EFXBT"]
[Result "1/2-1/2"]
[WhiteElo "1518"]
[BlackElo "1527"]
[Opening "Nimzo-Indian: 4.e3 O-O, 5.Bd3 d5"]
[ECO "E48"]
[Time "19:30:14"]
[TimeControl "2700+45"]

1. d4 e6 2. c4 Nf6 3. Nc3 Bb4 4. e3 O-O 5. Bd3 d5 6. Ne2 Re8 7. O-O h6 8. a3 Be7
9. Ng3 Nbd7 10. e4 dxe4 11. Ngxe4 Nxe4 12. Nxe4 Nf6 13. Ng3 Kh8 14. Be3 b6 15.
Qd2 c5 16. dxc5 Bxc5 17. Bxc5 bxc5 18. Rfd1 Bb7 19. Qe3 Qe7 20. Be2 Red8 21. Bf3
Bxf3 22. Qxf3 Rxd1+ 23. Rxd1 Rd8 24. Rd3 Rxd3 25. Qxd3 Qb7 26. Qc3 Nd7 27. b4
cxb4 28. axb4 Nb6 29. Qd4 Qc7 30. c5 Nd5 31. Ne4 Qb7 32. Nd6 Qxb4 33. Qxb4 Nxb4
34. Nxf7+ Kg8 35. Ne5 a5 36. c6 Na6 37. Nc4 a4 38. f4 Kf7 39. Kf2 Ke8 40. Ke3
Kd8 41. Kd4 Ke8 42. Nd6+ Ke7 43. Nb5 Kd8 44. Kc4 a3 45. Nxa3 Kc7 46. Kd4 Kxc6
47. Nc4 Nc7 48. Ke5 Nd5 49. g3 Kd7 50. f5 Nc7 51. Nb6+ Ke7 52. Nc8+ Kf7 53. g4
exf5 54. gxf5 Ne8 55. h4 g5 {Game drawn by mutual agreement} 1/2-1/2

[Event "Team 45 45 League T72"]
[Site "Internet Chess Club"]
[Date "2017.03.20"]
[Round "1"]
[White "cityprosecutor"]
[Black "fishhead"]
[Result "0-1"]
[WhiteElo "1697"]
[BlackElo "1668"]
[Opening "Alekhine's defense: exchange variation"]
[ECO "B02"]
[Time "15:13:07"]
[TimeControl "2700+45"]

1. e4 Nf6 2. e5 Nd5 3. c4 Nb6 4. d4 d6 5. exd6 cxd6 6. Nc3 Bf5 7. Nf3 d5 8. c5
Nc8 9. Bd3 Bxd3 10. Qxd3 e6 11. O-O Be7 12. Re1 Nc6 13. Bf4 O-O 14. Rad1 Bf6 15.
Ne5 N8e7 16. a3 a5 17. Nb5 a4 18. Re3 g5 19. Rh3 Nf5 20. Bd2 Nxe5 21. dxe5 Bxe5
22. g4 Nh4 23. f4 gxf4 24. Be1 Ng6 25. Rd2 Qg5 26. Rg2 Qe7 27. Bf2 f6 28. g5
fxg5 29. Rh6 Rf5 30. Qh3 Raf8 31. Qh5 R8f7 32. Nd4 Bxd4 33. Bxd4 e5 34. Re2 Qf6
{White resigns} 0-1

[Event "Team 45 45 League T72"]
[Site "Internet Chess Club"]
[Date "2017.03.19"]
[Round "1"]
[White "Constrictor"]
[Black "filmdirector"]
[Result "1/2-1/2"]
[WhiteElo "1582"]
[BlackElo "1484"]
[Opening "Réti opening"]
[ECO "A05"]
[Time "15:00:31"]
[TimeControl "2700+45"]

1. Nf3 Nf6 2. b4 d5 3. e3 Bg4 4. Bb2 Nbd7 5. Be2 e6 6. b5 c5 7. Ne5 Bf5 8. O-O
Bd6 9. f4 O-O 10. d3 Ne8 11. Nd2 f6 12. Nxd7 Qxd7 13. c4 Bc7 14. Nb3 b6 15. d4
dxc4 16. Bxc4 Qe7 17. g4 Bg6 18. Bd3 Bxd3 19. Qxd3 Rd8 20. Qe2 Bd6 21. Rf3 Nc7
22. Rh3 e5 23. dxc5 Bxc5 24. Nxc5 Qxc5 25. Rc1 Qxb5 26. Qxb5 Nxb5 27. fxe5 Rd2
28. Rb1 Rfd8 29. Rf3 Rd1+ 30. Rxd1 Rxd1+ 31. Rf1 Rxf1+ 32. Kxf1 fxe5 33. Bxe5
Na3 34. Ke2 Kf7 35. Kd3 g6 36. Bb8 a6 37. Bc7 b5 38. Be5 Ke6 39. Bd4 Nc4 40. h3
Kd5 41. e4+ Ke6 42. Kc3 Kd6 43. Kb4 Kc6 44. a4 a5+ 45. Kc3 Nd6 46. e5 Ne8 47.
axb5+ Kxb5 48. Kb3 Ng7 49. Bc3 Ne6 50. Bd2 {Game drawn by mutual agreement}
1/2-1/2

[Event "Team 45 45 League T72"]
[Site "Internet Chess Club"]
[Date "2017.03.18"]
[Round "1"]
[White "seattleblues"]
[Black "Hal2001"]
[Result "0-1"]
[WhiteElo "1362"]
[BlackElo "1574"]
[Opening "English: symmetrical, Benoni formation"]
[ECO "A31"]
[Time "21:07:29"]
[TimeControl "2700+45"]

1. d4 Nf6 2. Nf3 c5 3. c4 g6 4. Nc3 cxd4 5. Nxd4 Nc6 6. e4 d6 7. Be2 Bg7 8. Be3
O-O 9. O-O Bd7 10. a3 Rc8 11. Qd2 Ne5 12. b3 Nc6 13. Rfd1 Ng4 14. Bg5 Nxd4 15.
h3 Nxe2+ 16. Qxe2 Bxc3 17. Rac1 Bg7 18. hxg4 Re8 19. Bh4 Qc7 20. Bg3 e5 21. Rd3
Bc6 22. Rcd1 Rcd8 23. Rf3 a6 24. Bh4 Rd7 25. Rh3 Re6 26. f3 Qc8 27. Kh2 Qf8 28.
a4 f5 29. exf5 gxf5 30. Qd2 fxg4 31. fxg4 Qf4+ 32. Qxf4 exf4 33. Bf2 Rf7 34. Rh1
Rh6 35. Bh4 f3 36. gxf3 Rxf3 {White resigns} 0-1

[Event "Team 45 45 League T72"]
[Site "Internet Chess Club"]
[Date "2017.03.20"]
[Round "1"]
[White "Zugzwanged"]
[Black "ascoli"]
[Result "0-1"]
[WhiteElo "1667"]
[BlackElo "1672"]
[Opening "Sicilian: Grand Prix attack"]
[ECO "B23"]
[Time "15:00:54"]
[TimeControl "2700+45"]

1. e4 c5 2. Nc3 Nc6 3. f4 g6 4. Nf3 Bg7 5. Bb5 Nd4 6. O-O Nxb5 7. Nxb5 a6 8. Nc3
e6 9. d3 Ne7 10. Qe2 O-O 11. e5 d6 12. exd6 Qxd6 13. Ne4 Qc7 14. Qf2 b6 15. Qh4
Nf5 16. Nf6+ Bxf6 17. Qxf6 Qe7 18. Qe5 Bb7 19. b3 Qd6 20. Qf6 Qd8 21. Qe5 Bxf3
22. Bb2 Nd4 23. Bxd4 Qxd4+ 24. Qxd4 cxd4 25. Rxf3 Rac8 26. Rc1 Rc3 27. Rf2 Rfc8
28. Re2 Rxd3 29. cxd3 Rxc1+ 30. Kf2 Rd1 31. Rc2 Rxd3 32. Ke2 Rc3 33. Rd2 Re3+
34. Kf2 Re4 35. Kf3 f5 36. Rc2 Re3+ 37. Kf2 Rc3 38. Rd2 d3 39. Ke3 Rc2 40. Kxd3
Rxd2+ 41. Kxd2 Kf7 42. Kd3 Ke7 43. Kd4 Kd6 44. h3 b5 45. b4 h6 46. h4 g5 47. g3
gxh4 48. gxh4 h5 49. a3 Kd7 50. Kd3 Kc6 51. Kc3 Kd5 52. Kd3 e5 53. fxe5 Kxe5 54.
Ke3 f4+ 55. Kf3 Kf5 {White resigns} 0-1

[Event "Team 45 45 League T72"]
[Site "Internet Chess Club"]
[Date "2017.03.19"]
[Round "1"]
[White "Portola"]
[Black "bradleyguo175"]
[Result "1/2-1/2"]
[WhiteElo "1780"]
[BlackElo "1585"]
[Opening "King's Indian: East Indian defense"]
[ECO "A48"]
[Time "19:00:21"]
[TimeControl "2700+45"]

1. d4 Nf6 2. Nf3 g6 3. c3 Bg7 4. Bf4 O-O 5. h3 d6 6. e3 c5 7. Nbd2 Nbd7 8. Bc4
a6 9. a4 b6 10. O-O Bb7 11. Qe2 d5 12. Bd3 c4 13. Bc2 b5 14. Ra2 Qb6 15. axb5
axb5 16. Rfa1 b4 17. cxb4 Qxb4 18. Nb1 Rxa2 19. Rxa2 Ra8 20. Nc3 Rxa2 21. Nxa2
Qxb2 22. Bd1 c3 23. Qc2 Ne4 24. Bc7 Ba6 25. Nc1 Qb5 26. Be2 Qb2 27. Bd1 {Game
drawn by mutual agreement} 1/2-1/2

[Event "Team 45 45 League T72"]
[Site "Internet Chess Club"]
[Date "2017.03.20"]
[Round "1"]
[White "pokerram"]
[Black "rubo"]
[Result "1/2-1/2"]
[WhiteElo "1627"]
[BlackElo "1601"]
[Opening "English opening"]
[ECO "A30"]
[Time "20:00:22"]
[TimeControl "2700+45"]

1. Nf3 Nf6 2. c4 c5 3. Nc3 g6 4. d4 cxd4 5. Nxd4 Bg7 6. e4 d6 7. Be2 O-O 8. O-O
Nc6 9. Be3 Ne5 10. f3 b6 11. Qd2 Ba6 12. b3 Qd7 13. Rac1 Rac8 14. Rfd1 Qb7 15.
Bh6 Rfd8 16. Bxg7 Kxg7 17. Nd5 Nxd5 18. exd5 Rc7 19. f4 Nd7 20. Qb2 Kg8 21. Nc6
Re8 22. Bf3 Nb8 23. Re1 Nxc6 24. dxc6 Qb8 25. a4 Bc8 26. b4 Be6 27. b5 a6 28.
Qe2 Qa7 29. Ra1 Ra8 30. Bg4 Bxg4 31. Qxg4 Qb8 32. Qg5 Qd8 33. Re3 axb5 34. cxb5
Rca7 35. Qh6 Qf8 36. Qxf8+ Kxf8 37. Rea3 e6 38. a5 Rxa5 39. Rxa5 bxa5 40. b6 Ke7
41. b7 Rb8 42. Rxa5 Kd8 43. Ra8 Kc7 44. Rxb8 Kxb8 45. Kf2 f5 46. Ke3 e5 47. fxe5
dxe5 48. Kd3 h5 49. h4 Kc7 50. Kc4 e4 51. Kd4 Kb8 52. Ke3 Kc7 53. Kf4 Kb8 54.
Ke3 {Game drawn by mutual agreement} 1/2-1/2

[Event "Team 45 45 League T72"]
[Site "Internet Chess Club"]
[Date "2017.03.19"]
[Round "1"]
[White "g8wrb"]
[Black "kingphisch"]
[Result "1/2-1/2"]
[WhiteElo "1269"]
[BlackElo "1439"]
[Opening "Caro-Kann: classical, 6.h4"]
[ECO "B18"]
[Time "15:03:22"]
[TimeControl "2700+45"]

1. e4 c6 2. d4 d5 3. Nc3 dxe4 4. Nxe4 Bf5 5. Ng3 Bg6 6. h4 h6 7. h5 Bh7 8. Nf3
Nd7 9. Bd3 Bxd3 10. Qxd3 e6 11. Bf4 Ngf6 12. O-O-O Nd5 13. Bd2 Qc7 14. Rhe1
O-O-O 15. Kb1 Bd6 16. Ne4 Bf4 17. Qa3 N7f6 18. Qxa7 Bxd2 19. Rxd2 Nxh5 20. Nc5
Nhf6 21. Ne5 Rhf8 22. Rd3 Qb8 23. Ra3 Qxa7 24. Rxa7 b6 25. Ra8+ Kc7 26. Ra7+ Kc8
27. Ra8+ Kc7 28. Ra7+ {Game drawn by mutual agreement} 1/2-1/2

[Event "Team 45 45 League T72"]
[Site "Internet Chess Club"]
[Date "2017.03.17"]
[Round "1"]
[White "uzi"]
[Black "Barnabe"]
[Result "0-1"]
[WhiteElo "1713"]
[BlackElo "1642"]
[Opening "Four knights: Italian variation"]
[ECO "C47"]
[Time "16:00:12"]
[TimeControl "2700+45"]

1. e4 Nf6 2. Nc3 e5 3. Nf3 Nc6 4. Bc4 Nxe4 5. Nxe4 d5 6. Bd3 dxe4 7. Bxe4 Bd6 8.
d4 exd4 9. Nxd4 O-O 10. Nxc6 Qe8 11. Qe2 bxc6 12. O-O Bf5 13. f3 Qe5 14. g3 Rfe8
15. Re1 Bxe4 16. Qxe4 Qxe4 17. Rxe4 Rxe4 18. fxe4 Re8 19. Be3 a6 20. Kf2 Rxe4
21. b3 f5 22. c4 c5 23. Rd1 Re5 24. Bf4 Re6 25. Bxd6 cxd6 26. Kf3 Kf7 27. Rd5 g6
28. a3 Kf6 29. b4 cxb4 30. axb4 Ke7 31. Ra5 Re4 32. b5 axb5 33. cxb5 Rb4 34.
Ra7+ Kf6 35. Rb7 Ke5 36. b6 d5 37. Rb8 Kd6 38. Rd8+ Kc5 39. Rb8 Rxb6 40. Rc8+
Rc6 41. Rh8 Rc7 42. Ke3 d4+ 43. Kd3 Rd7 44. Rc8+ Kd5 45. Rc4 Ke5 46. Rc5+ Ke6
47. Rc4 g5 48. Rxd4 Rxd4+ 49. Kxd4 h5 50. h3 Kd6 51. Ke3 Ke5 52. Kf3 Kd4 53. Kf2
Kd3 54. Kf3 Kd4 55. Kf2 Ke4 56. Ke2 f4 57. gxf4 Kxf4 58. Kf2 h4 59. Kg2 Ke3 60.
Kh2 Kf2 61. Kh1 Kg3 {White resigns} 0-1

[Event "Team 45 45 League T72"]
[Site "Internet Chess Club"]
[Date "2017.03.16"]
[Round "1"]
[White "mongmong"]
[Black "Constrictor"]
[Result "1/2-1/2"]
[WhiteElo "1498"]
[BlackElo "1587"]
[Opening "Queen's pawn game"]
[ECO "D04"]
[Time "20:32:49"]
[TimeControl "2700+45"]

1. d4 Nf6 2. Nf3 d5 3. e3 c6 4. Bd3 Bg4 5. Nbd2 Nbd7 6. c4 e6 7. O-O dxc4 8.
Nxc4 Bh5 9. Be2 Be7 10. Nfe5 Bxe2 11. Qxe2 O-O 12. b3 b5 13. Nxd7 Nxd7 14. Nd2
a6 15. Bb2 c5 16. Rfc1 cxd4 17. Bxd4 Bf6 18. Nf3 Bxd4 19. Nxd4 Ne5 20. Rc2 Qd7
21. Rac1 Rfc8 22. h3 {Game drawn by mutual agreement} 1/2-1/2

[Event "Team 45 45 League T72"]
[Site "Internet Chess Club"]
[Date "2017.03.18"]
[Round "1"]
[White "guyd52"]
[Black "jmdana"]
[Result "0-1"]
[WhiteElo "1336"]
[BlackElo "1517"]
[Opening "Réti opening"]
[ECO "A05"]
[Time "10:00:21"]
[TimeControl "2700+45"]

1. Nf3 Nf6 2. g3 d5 3. Bg2 e6 4. d3 c5 5. O-O Nc6 6. Nbd2 e5 7. e4 d4 8. Nc4 Bd6
9. Bd2 b5 10. Nxd6+ Qxd6 11. c3 O-O 12. a3 Rb8 13. Qc2 h6 14. Rac1 Be6 15. cxd4
Nxd4 16. Qxc5 Nxf3+ 17. Bxf3 Qxd3 18. Qc3 Rfd8 19. Be3 Qxc3 20. Rxc3 b4 21. Rc5
bxa3 22. bxa3 Rd3 23. Ra5 Rb2 24. Rxa7 Ng4 25. h3 Nxe3 26. fxe3 Bxh3 27. Ra8+
Kh7 28. Rf2 Rb1+ 29. Kh2 Be6 30. Ra5 Rxe3 31. Rxe5 Rbb3 32. Bh5 Rxg3 33. Bxf7
Rh3+ 34. Kg1 Rbg3+ 35. Kf1 Bg4 36. Ke1 Rd3 37. Rd5 Rh1+ 38. Rf1 Re3+ 39. Kf2
Rf3+ 40. Kg2 Rhxf1 41. Rd6 Rxf7 42. Kg3 Be2 43. e5 R7f3+ 44. Kg2 R1f2+ 45. Kg1
Bf1 46. e6 Rg2+ 47. Kh1 Rh3# {White checkmated} 0-1

[Event "Team 45 45 League T72"]
[Site "Internet Chess Club"]
[Date "2017.03.20"]
[Round "1"]
[White "smsxman"]
[Black "tamky70"]
[Result "0-1"]
[WhiteElo "1250"]
[BlackElo "1317"]
[Opening "Caro-Kann: exchange variation"]
[ECO "B13"]
[Time "13:30:01"]
[TimeControl "2700+45"]

1. e4 c6 2. d4 d5 3. exd5 cxd5 4. Nf3 Nc6 5. Bb5 Nf6 6. O-O e6 7. Ne5 Qc7 8. Bf4
Bd6 9. Nc3 O-O 10. Bg3 Nd7 11. Bxc6 bxc6 12. Nxd7 Bxd7 13. Bxd6 Qxd6 14. a3 c5
15. dxc5 Qxc5 16. Qd2 a6 17. b4 Qc4 18. Rfe1 Rac8 19. Ne2 Ba4 20. c3 e5 21. Ng3
e4 22. Rec1 Qd3 23. Qe3 Qxe3 24. fxe3 g6 25. Ne2 Rc4 26. Kf2 Rfc8 27. g3 Bb5 28.
a4 Be8 29. Ke1 Kg7 30. Kd2 R8c6 31. h4 Rf6 32. Nf4 Bc6 33. b5 axb5 34. axb5 Bxb5
35. Ra5 Bc6 36. h5 g5 37. Nh3 h6 38. Raa1 Rf3 39. Rg1 Bd7 40. Rh1 Bxh3 41. Rh2
Be6 42. Rg1 Ra4 43. Rgg2 Ra2+ 44. Ke1 Ra1+ 45. Ke2 Bd7 46. Rf2 Ra2+ 47. Ke1 Ra1+
48. Kd2 Ra2+ 49. Ke1 Rxe3+ 50. Re2 Raxe2+ 51. Rxe2 Rxg3 52. Kd2 Rh3 53. Rf2 Be6
54. Kc2 Rxh5 55. Kb3 Rh3 56. Kb4 h5 57. Kc5 Rxc3+ 58. Kd6 {White resigns} 0-1

[Event "Team 45 45 League T72"]
[Site "Internet Chess Club"]
[Date "2017.03.16"]
[Round "1"]
[White "chuckh2"]
[Black "kwen2008"]
[Result "0-1"]
[WhiteElo "1450"]
[BlackElo "1514"]
[Opening "Queen's pawn: London system"]
[ECO "A45"]
[Time "19:30:32"]
[TimeControl "2700+45"]

1. d4 Nf6 2. Bf4 g6 3. e3 Bg7 4. Be2 O-O 5. Nf3 d5 6. Nbd2 Nc6 7. c3 Nh5 8. Bg5
Nf6 9. O-O Bg4 10. h3 Bf5 11. Bf4 Nh5 12. Bh2 Nf6 13. Rc1 Ne4 14. Nh4 Nxd2 15.
Qxd2 Be6 16. f4 f5 17. Nf3 Nb8 18. Bg3 Nd7 19. c4 dxc4 20. Bxc4 Bxc4 21. Rxc4 c6
22. Rfc1 Nf6 23. Bh4 Ne4 24. Qb4 Qd6 25. Bxe7 Qxb4 26. Bxb4 Rfe8 27. a4 Ng3 28.
Kf2 Ne4+ 29. Ke1 Re6 30. d5 cxd5 31. Rc8+ Re8 32. Rxa8 Rxa8 33. b3 b6 34. Rc7 a5
35. Ba3 Rb8 36. Nd2 Bc3 37. Bc1 b5 38. Ke2 Bxd2 39. Bxd2 Nxd2 40. Kxd2 bxa4 41.
bxa4 Rb4 42. Kc3 Rxa4 43. Rc5 Ra1 44. Rxd5 a4 45. Rd2 a3 46. Kb3 Re1 47. Kxa3
Rxe3+ 48. Kb4 Re4+ 49. Kc5 Rxf4 50. Re2 Kg7 51. Kd5 Kf6 52. Re6+ Kg5 53. Re3 Rf2
54. Rg3+ Kh4 55. Rd3 Rxg2 56. Ke5 Rg3 57. Rd4+ Kxh3 58. Kf4 Rg4+ 59. Ke5 Rxd4
60. Kxd4 Kg2 61. Ke3 h5 62. Kf4 h4 {White resigns} 0-1

[Event "Team 45 45 League T72"]
[Site "Internet Chess Club"]
[Date "2017.03.18"]
[Round "1"]
[White "tuotuo123"]
[Black "bmw2002"]
[Result "1-0"]
[WhiteElo "1453"]
[BlackElo "1466"]
[Opening "Caro-Kann: classical variation"]
[ECO "B18"]
[Time "17:39:42"]
[TimeControl "2700+45"]

1. e4 c6 2. d4 d5 3. Nc3 dxe4 4. Nxe4 Bf5 5. Ng3 Bd7 6. Nf3 Nf6 7. Be2 e6 8. Bg5
Be7 9. O-O O-O 10. Ne5 Nd5 11. Bxe7 Qxe7 12. c4 Nf6 13. c5 b5 14. b4 a5 15. a3
Nd5 16. Qb3 axb4 17. axb4 Na6 18. Nd3 Nac7 19. Ne4 Ra6 20. Nd6 Rfa8 21. Rxa6
Rxa6 22. Qb2 Ne8 23. Nxe8 Bxe8 24. Ra1 Qa7 25. Rxa6 Qxa6 26. Bd1 f6 27. g3 Bg6
28. Nf4 Nxf4 29. gxf4 Be4 30. Bb3 Bd5 31. Bxd5 exd5 32. Qe2 Kf7 33. Qh5+ Kf8 34.
Qxh7 Qa1+ 35. Kg2 Qxd4 36. Qh8+ Kf7 37. Qh5+ Ke7 38. Qe2+ Qe4+ 39. Qxe4+ dxe4
40. Kg3 f5 41. Kh4 Ke6 42. Kg5 Kd5 43. Kg6 Kc4 44. Kxg7 Kxb4 45. h4 Kxc5 46. h5
b4 47. h6 b3 48. h7 b2 49. h8=Q b1=Q 50. Qf8+ Kc4 51. Qf7+ Kd3 52. Qd7+ Ke2 53.
Qxf5 Kxf2 54. Qc5+ e3 55. f5 Qe4 56. f6 Kg2 57. Qg5+ Kh3 58. f7 e2 59. f8=Q e1=Q
60. Qa3+ Kh2 61. Qd6+ Kh3 62. Qd7+ Qe6 63. Qh6+ {Black resigns} 1-0

[Event "Team 45 45 League T72"]
[Site "Internet Chess Club"]
[Date "2017.03.18"]
[Round "1"]
[White "BrerRabbit"]
[Black "sdk"]
[Result "1/2-1/2"]
[WhiteElo "1395"]
[BlackElo "1371"]
[Opening "Queen's pawn: London system"]
[ECO "A45"]
[Time "10:32:03"]
[TimeControl "2700+45"]

1. d4 Nf6 2. Bf4 d6 3. Nf3 g6 4. e3 Bg7 5. Be2 Nbd7 6. O-O O-O 7. h3 c5 8. c3
cxd4 9. cxd4 Re8 10. Nc3 b6 11. Bh2 Bb7 12. Bb5 a6 13. Be2 b5 14. a3 e5 15. dxe5
dxe5 16. Rc1 Bxf3 17. Bxf3 Ra7 18. Ne4 Nxe4 19. Bxe4 Nf6 20. Bb1 Rd7 21. Qb3 Re6
22. Rfd1 Ne8 23. Rxd7 Qxd7 24. e4 Rd6 25. Bc2 Nc7 26. Rd1 Ne6 27. Rxd6 Qxd6 28.
Qd5 Qxd5 29. exd5 Nd4 30. Bd1 Kf8 31. Kf1 Ke7 32. f4 Kd6 33. a4 Kxd5 34. axb5
axb5 35. fxe5 Bxe5 36. Bg1 Ke4 37. Bxd4 Bxd4 38. Bb3 f5 39. Bg8 h6 40. Bh7 Bxb2
41. Bxg6 Kf4 42. Be8 b4 43. Bf7 Bc3 44. Be6 h5 45. Bf7 h4 46. Be6 Ke5 47. Bf7 f4
48. Bg8 Ke4 49. Ke2 Bd4 50. Kd2 f3 51. gxf3+ Kxf3 52. Kc2 Kg3 53. Be6 Bc3 54.
Kb3 Kf4 55. Bd7 Ke5 56. Bc8 Kd6 57. Bg4 Kc5 58. Bf5 Kd4 59. Bc8 Ke5 60. Bd7 Ke4
61. Bc8 Ke3 62. Bd7 Kd2 63. Be6 Kc1 64. Bf5 {Game drawn by mutual agreement}
1/2-1/2

[Event "Team 45 45 League T72"]
[Site "Internet Chess Club"]
[Date "2017.03.18"]
[Round "1"]
[White "dinosaurchess"]
[Black "artspir"]
[Result "1-0"]
[WhiteElo "1346"]
[BlackElo "1190"]
[Opening "Caro-Kann: classical variation"]
[ECO "B18"]
[Time "15:00:35"]
[TimeControl "2700+45"]

1. e4 c6 2. d4 d5 3. Nd2 dxe4 4. Nxe4 Bf5 5. Nc3 Nf6 6. Nf3 e6 7. Bg5 Be7 8. Bd3
Ne4 9. Bxe7 Qxe7 10. Bxe4 Bg4 11. O-O O-O 12. Re1 Nd7 13. h3 Bh5 14. Qd3 Nf6 15.
Qe3 b5 16. Bxc6 Rab8 17. Bxb5 Bg6 18. Rac1 Qd6 19. a3 Nd5 20. Qe5 Qe7 21. Nxd5
Qb7 22. Nc7 Rfc8 23. Na6 f6 24. Qxe6+ Bf7 25. Qd7 Qxb5 26. Nxb8 Qxb8 27. b4 h5
28. Re7 Rd8 29. Qxa7 Qf4 30. Rce1 Rf8 31. Qd7 g5 32. Rxf7 Rxf7 33. Re7 Qc1+ 34.
Ne1 Rxe7 35. Qxe7 g4 36. hxg4 hxg4 37. Qe6+ Kg7 38. b5 g3 39. fxg3 Qd2 40. Qe4
f5 41. Qe5+ Kg6 42. b6 Kg5 43. b7 Kg4 44. b8=Q f4 45. Qg8# {Black checkmated}
1-0

[Event "Team 45 45 League T72"]
[Site "Internet Chess Club"]
[Date "2017.03.15"]
[Round "1"]
[White "Ajolote"]
[Black "QuieroAprender"]
[Result "1-0"]
[WhiteElo "1701"]
[BlackElo "1531"]
[Opening "Ruy Lopez: classical (Cordel) defense"]
[ECO "C64"]
[Time "19:34:07"]
[TimeControl "2700+45"]

1. e4 e5 2. Nf3 Nc6 3. Bb5 Bc5 4. O-O d6 5. c3 Nf6 6. d4 exd4 7. cxd4 Bb4 8. Qa4
Bd7 9. d5 Bc5 10. dxc6 bxc6 11. Bxc6 O-O 12. Bxd7 Qxd7 13. Qxd7 Nxd7 14. Nc3 f5
15. Re1 fxe4 16. Nxe4 Bb4 17. Bd2 a5 18. a3 Bc5 19. Be3 Ba7 20. Rac1 d5 21. Bxa7
dxe4 22. Rxc7 exf3 23. Rxd7 fxg2 24. Ree7 {Black resigns} 1-0

[Event "Team 45 45 League T72"]
[Site "Internet Chess Club"]
[Date "2017.03.18"]
[Round "1"]
[White "pcvan"]
[Black "Gilguli"]
[Result "0-1"]
[WhiteElo "1424"]
[BlackElo "1368"]
[Opening "Four knights: double Ruy Lopez"]
[ECO "C49"]
[Time "16:38:54"]
[TimeControl "2700+45"]

1. e4 e5 2. Nf3 Nc6 3. Nc3 Nf6 4. Bb5 Bb4 5. O-O O-O 6. Re1 d6 7. d3 Bg4 8. h3
Bxf3 9. gxf3 Nd4 10. Ba4 Nh5 11. Kh2 Ne6 12. Rg1 Qh4 13. Qf1 Bc5 14. Be3 Bxe3
15. fxe3 Kh8 16. Rg4 Qd8 17. Qf2 c6 18. Bb3 Nc5 19. Rag1 Nxb3 20. axb3 b5 21.
Ne2 g6 22. f4 Qf6 23. Ng3 Nxg3 24. Qxg3 exf4 25. Qxf4 Qxb2 26. R1g2 Qe5 27. Rg5
Qxf4+ 28. exf4 a5 29. c4 bxc4 30. dxc4 a4 31. bxa4 Rxa4 32. Rc2 Rb8 33. Rg1 Rbb4
34. Rgc1 Kg7 35. Kg3 h5 36. e5 dxe5 37. fxe5 Rb3+ 38. Kh4 Kh6 39. Re2 g5# {White
checkmated} 0-1

[Event "Team 45 45 League T72"]
[Site "Internet Chess Club"]
[Date "2017.03.23"]
[Round "1"]
[White "bardu"]
[Black "drsigmund1"]
[Result "0-1"]
[WhiteElo "1430"]
[BlackElo "1439"]
[Opening "Queen's pawn: Keres defense"]
[ECO "A40"]
[Time "10:45:00"]
[TimeControl "2700+45"]

1. d4 e6 2. c4 b6 3. a3 Bb7 4. Nc3 f5 5. d5 Qe7 6. g3 Nf6 7. Bg2 d6 8. Bg5 h6 9.
Bd2 Nbd7 10. e4 fxe4 11. Nxe4 exd5 12. cxd5 Bxd5 13. Qc2 Bxe4 14. Bxe4 Qxe4+
{White resigns} 0-1

[Event "Team 45 45 League T72"]
[Site "Internet Chess Club"]
[Date "2017.03.20"]
[Round "1"]
[White "oldbookseller"]
[Black "Toalla"]
[Result "0-1"]
[WhiteElo "950"]
[BlackElo "1263"]
[Opening "Modern defense"]
[ECO "A40"]
[Time "18:00:36"]
[TimeControl "2700+45"]

1. d4 g6 2. Nf3 Bg7 3. e3 Nf6 4. Bd3 O-O 5. O-O Re8 6. Nbd2 d6 7. e4 Nbd7 8. Rb1
e5 9. c3 c5 10. Nc4 Qc7 11. Qb3 h6 12. Ncd2 exd4 13. cxd4 b6 14. Re1 cxd4 15.
Qb4 a5 16. Qxd4 Ng4 17. Qd5 Bb7 18. Qb3 Nc5 19. Qc2 Rac8 20. Bc4 Ne6 21. b3 Nd4
22. Qd3 Nxf3+ 23. Qxf3 Ne5 24. Qe3 Nxc4 25. Nxc4 Rxe4 26. Bb2 Rxe3 27. Rxe3 Qc6
28. f3 d5 29. Ne5 Bxe5 30. Bxe5 Qc2 31. Rbe1 Qxa2 32. f4 d4 33. Rh3 Qxg2# {White
checkmated} 0-1

[Event "Team 45 45 League T72"]
[Site "Internet Chess Club"]
[Date "2017.03.19"]
[Round "1"]
[White "ascoli"]
[Black "rubo"]
[Result "1-0"]
[WhiteElo "1655"]
[BlackElo "1600"]
[Opening "Caro-Kann: two knights, 3...Bg4"]
[ECO "B11"]
[Time "15:00:44"]
[TimeControl "2700+45"]

1. e4 c6 2. Nc3 d5 3. Nf3 Bg4 4. h3 Bxf3 5. Qxf3 d4 6. Bc4 e6 7. Ne2 Bc5 8. Bxe6
fxe6 9. Qh5+ g6 10. Qxc5 Nf6 11. Nxd4 Kf7 12. d3 Nbd7 13. Qd6 e5 14. Nf3 Re8 15.
Ng5+ Kg8 16. Qb4 h6 17. Qb3+ Nd5 18. exd5 Nc5 19. Qc4 cxd5 20. Qxc5 hxg5 21. O-O
d4 22. Re1 b6 23. Qc4+ Kg7 24. Re4 Rc8 25. Qb3 Qc7 26. Bxg5 Qxc2 27. Qxc2 Rxc2
28. b3 Rf8 29. f3 Rf5 30. h4 Rc3 31. Rd1 Rc2 32. Rd2 Rc1+ 33. Kf2 Rc5 34. Be7
Rd5 35. Rde2 Ra5 36. g4 {Black resigns} 1-0

[Event "Team 45 45 League T72"]
[Site "Internet Chess Club"]
[Date "2017.03.20"]
[Round "1"]
[White "nosir"]
[Black "JohLeb"]
[Result "0-1"]
[WhiteElo "1502"]
[BlackElo "1406"]
[Opening "Torre attack (Tartakower variation)"]
[ECO "D03"]
[Time "19:00:29"]
[TimeControl "2700+45"]

1. d4 d5 2. Nf3 Nf6 3. Bg5 e6 4. e3 Be7 5. Bd3 O-O 6. Nbd2 h6 7. Bh4 b6 8. Qe2
c5 9. dxc5 bxc5 10. c3 Nc6 11. O-O Qb6 12. Rab1 c4 13. Bc2 Nh7 14. Bxe7 Nxe7 15.
Ne5 Qc7 16. Nef3 Nf6 17. e4 Re8 18. e5 Nd7 19. Rfe1 Nc5 20. Nd4 Ba6 21. Qh5 Nd3
22. Re3 Ng6 23. N2f3 Ngf4 24. Qh4 Rab8 25. h3 Ng6 26. Qg3 Qa5 27. Nc6 Qxa2 28.
Nxb8 Rxb8 29. Nd4 Rxb2 30. Rxb2 Qxb2 31. Bxd3 cxd3 32. Rxd3 Qb1+ 33. Kh2 Bxd3
34. Nc6 a6 35. Nb4 Bc4 36. Qe3 Qe4 37. Qxe4 dxe4 38. Nc6 Bd5 39. Nb4 a5 40. Nd3
exd3 {White resigns} 0-1

[Event "Team 45 45 League T72"]
[Site "Internet Chess Club"]
[Date "2017.03.21"]
[Round "1"]
[White "dabodhi"]
[Black "g8wrb"]
[Result "1/2-1/2"]
[WhiteElo "1281"]
[BlackElo "1270"]
[Opening "French: classical, Steinitz variation"]
[ECO "C14"]
[Time "13:21:55"]
[TimeControl "2700+45"]

1. e4 e6 2. d4 d5 3. Nc3 Nf6 4. Bg5 Be7 5. e5 Nfd7 6. Bxe7 Qxe7 7. f4 c5 8. Nb5
O-O 9. Nc7 Nb6 10. Nxa8 Nxa8 11. Nf3 Bd7 12. Be2 cxd4 13. Qxd4 Nc6 14. Qd2 Nc7
15. c3 Na5 {Game drawn by mutual agreement} 1/2-1/2